 Dungeon Crawl Stone Soup version 0.17-a0-1778-gd369669 (webtiles) character file.

127 ololoev the Poker (level 4, -6/36 HPs)
             Began as a Draconian Skald on Sept 8, 2015.
             Mangled by an orc
             ... wielding a +1 flail of holy wrath
              (9 damage)
             ... on level 3 of the Dungeon.
             The game lasted 00:04:21 (1799 turns).

ololoev the Poker (Draconian Skald)                 Turns: 1799, Time: 00:04:21

Health: -6/36      AC:  5    Str: 14    XL:     4   Next: 85%
Magic:  1/7        EV: 17    Int: 12    God:
Gold:   55         SH:  0    Dex: 12    Spells: 2 memorised, 4 levels left

rFire  . . .     SeeInvis .     a - +0 spear
rCold  . . .     Clarity  .     (armour unavailable)
rNeg   . . .     SustAt   .     (no shield)
rPois  .         Gourm    .     (helmet restricted)
rElec  .         Spirit   .     (no cloak)
rCorr  .         Warding  .     (no gloves)
rMut   .         Stasis   .     (no boots)
MR     .....                    (no amulet)
Stlth  +.........               (no ring)
                                i - +5 ring of evasion

@: infused (expiring), singing, drained, not resistant to hostile enchantments,
very unstealthy
A: unfitting armour, cold-blooded, AC +5
a: Stop Singing


Innate Abilities, Weirdness & Mutations

Your plain brown scales are hard (AC +5).
Your body does not fit into most forms of armour.
You are cold-blooded and may be slowed by cold attacks.

Inventory:

Hand weapons
 a - a +0 spear (weapon)
Jewellery
 i - a +5 ring of evasion (left hand)
Scrolls
 e - a scroll of recharging {unknown}
 f - 3 scrolls of teleportation {unknown}
 g - 4 scrolls of remove curse {unknown}
 k - a scroll of random uselessness {unknown}
 l - a scroll of fog {unknown}
 m - a scroll of fear {unknown}
Potions
 h - 2 potions of curing {unknown}
 n - a potion of berserk rage {unknown}
Books
 b - a book of Battle

   Spells                             Type                      Level
   a - Infusion                       Charms                       1
   b - Shroud of Golubria             Charms/Translocation         2
   c - Song of Slaying                Charms                       2
   d - Spectral Weapon                Hexes/Charms                 3
   e - Regeneration                   Charms/Necromancy            3
Comestibles
 c - a bread ration
 d - a slice of pizza


   Skills:
 - Level 2.1(2.0) Fighting
 + Level 5.1(4.9) Polearms
 - Level 1.3(1.2) Dodging
 - Level 2.0(1.8) Spellcasting
 - Level 2.6(2.5) Charms


You had 4 spell levels left.
You knew the following spells:

 Your Spells              Type           Power        Failure   Level  Hunger
a - Infusion              Chrm           #.....       12%         1    ##.....
b - Song of Slaying       Chrm           #.......     14%         2    ###....


You were on level 3 of the Dungeon.
You were hungry.

You visited 1 branch of the dungeon, and saw 3 of its levels.

You collected 55 gold pieces.

........................
..#.##+####.....######## #.#.##.#
###'#.# #.#.##.######.#.# .#.#
#.#...........#.# ....
#.####........#.##### .#.# #.#
#(.............. ..o(
#.####........#'##### ...#
................@...# .(..
#..###.........ooo..# ####o.?.
#..###.######.....@.# #..o....
..........###.......# #.......
............'.....[.######.......
#......##.###...........oo.......
#..................#...♣...#..###
#..###.##.......##....♣.♣....##
#..# #.##.......##...♣.♣.♣...#

Notes
Turn   | Place    | Note
--------------------------------------------------------------
     0 | D:1      | ololoev the Draconian Skald began the quest for the Orb.
     0 | D:1      | Reached XP level 1. HP: 17/17 MP: 3/3
    44 | D:1      | Noticed a fire drake
    44 | D:1      | Noticed an iguana
    44 | D:1      | Noticed a killer bee
    44 | D:1      | Noticed a water moccasin
    44 | D:1      | Noticed a hog
   239 | D:1      | Reached XP level 2. HP: 22/24 MP: 5/5
   257 | D:1      | Learned a level 2 spell: Song of Slaying
   328 | D:1      | Reached skill level 3 in Polearms
   513 | D:1      | Reached XP level 3. HP: 27/29 MP: 6/6
   920 | D:2      | Reached skill level 4 in Polearms
   994 | D:1      | Reached XP level 4. HP: 6/36 MP: 3/7
  1296 | D:2      | Found a white marble altar of Elyvilon.
  1392 | D:2      | Found a shattered altar of Ashenzari.
  1759 | D:3      | Found an iron altar of Okawaru.
  1794 | D:3      | Noticed Terence
  1795 | D:3      | Reached skill level 5 in Polearms
  1799 | D:3      | Mangled by an orc

Dungeon Overview and Level Annotations

Branches:
Dungeon (3/15)

Altars:
Ashenzari
Elyvilon
Okawaru

Annotations:
D:3 Terence


Message History

Something smites you!
You hit the orc but do no damage. You tail-slap the orc.
The orc is moderately wounded.
The orc hits you with a mace.
Unknown command.
You hit the orc priest.
The orc priest is severely wounded.
Unknown command.
You hit the orc priest.
The orc priest is almost dead.
The orc priest completely misses you. The orc misses you.
Unknown command.
You barely miss the orc priest.
You tail-slap the orc priest, but do no damage.
The orc priest is almost dead.
The orc priest hits you but does no damage.
The orc barely misses you.
Unknown command.
You hit the orc priest.
The orc priest is almost dead.
The orc completely misses you. The orc priest misses you. The orc misses you.
Terence the Incautious comes into view.
He is wielding a trident.
Unknown command.
You hit the orc priest but do no damage.
The orc priest is almost dead.
The orc closely misses you. The orc priest closely misses you.
Terence closely misses you.
Unknown command.
You hit the orc priest.
You kill the orc priest!
Your base Polearms skill increases to level 5!
The orc hits you with a club. The orc hits you with a mace!
Unknown command.
Press: ? - help, v - describe, . - travel
Here: Terence, wielding a trident and wearing a ring mail The floor.
Your magical infusion is running out.
You open the door. The orc barely misses you. The orc closely misses you.
The orc hits you with a flail of holy wrath!
You die...

You could see Terence and 3 orcs.

Vanquished Creatures
  An orc priest (D:3)
  4 gnolls
  A giant gecko (D:1)
  7 bats
  3 giant cockroaches (D:1)
  11 hobgoblins
  6 jackals (D:1)
  2 ball pythons
  A giant newt (D:2)
  6 goblins
  4 kobolds
  2 rats (D:1)
48 creatures vanquished.

Action                   |  1- 3 |  4- 6 || total
-------------------------+-------+-------++-------
Melee: Spear             |   164 |    58 ||   222
Throw: Javelin           |       |     2 ||     2
 Cast: Infusion          |     5 |     2 ||     7
       Song of Slaying   |     2 |     1 ||     3
 Stab: Sleeping          |       |     1 ||     1
  Eat: Chunk             |     1 |     2 ||     3

Vault maps used:
D:1:      onia_arrival_zoo_common
D:2:      nicolae_overflow_crystal_walls, lemuel_round_altar
D:3:      okawaru_trees_2, led_sif_book, uniq_grinder, uniq_terence, uniq_iyjb
